 Dungeon Crawl Stone Soup version 0.31-a0-210-gccc998df9b (webtiles) character file.

Game seed: 13454677463139557053

53 qw the Shooter (level 3, -3/29 HPs)
             Began as a Minotaur Hexslinger on June 29, 2023.
             Slain by a kobold
             ... wielding a +0 whip of venom
              (4 damage)
             ... on level 2 of the Dungeon.
             The game lasted 00:00:27 (1051 turns).

qw the Shooter (Minotaur Hexslinger)                Turns: 1051, Time: 00:00:28

Health: -3/29      AC:  4    Str: 12    XL:     3   Next: 62%
Magic:  3/3        EV: 12    Int: 10    God:
Gold:   76         SH:  0    Dex: 14    Spells: 3/4 levels left

rFire   . . .        Y - +2 sling
rCold   + . .        (no shield)
rNeg    . . .        e - +1 leather armour {rC+}
rPois   .            (helmet restricted)
rElec   .            (no cloak)
rCorr   .            (no gloves)
SInv    .            (no boots)
Will    .....        (no amulet)
Stlth   +            (no ring)
HPRegen 0.24/turn    (no ring)
MPRegen 0.08/turn

%: no passive effects
@: lethally poisoned (-3 -> -18)
A: horns 2, retaliatory headbutt
a: no special abilities


You were on level 2 of the Dungeon.
You visited 1 branch of the dungeon, and saw 2 of its levels.

You collected 76 gold pieces.


Innate Abilities, Weirdness & Mutations

You have a pair of horns on your head.
You reflexively headbutt those who attack you in melee.


   Skills:
 - Level 2.0 Fighting
 + Level 4.2 Ranged Weapons
 - Level 2.1 Dodging
 - Level 1.0 Spellcasting
 - Level 2.0 Hexes


You had 3 spell levels left.
You knew the following spells:

 Your Spells              Type           Power      Damage    Failure   Level
a - Slow                  Hex            16%        N/A       19%         1

Your spell library contained the following spells:

 Spells                   Type           Power      Damage    Failure   Level
 Inner Flame              Hex/Fire       2%         N/A       65%         3
 Portal Projectile        Hex/Tloc       4%         N/A       65%         3
 Cause Fear               Hex            2%         N/A       88%         4

Inventory:

Hand Weapons
 Y - a +2 sling (weapon)
Armour
 e - a +1 leather armour of cold resistance (worn)
Scrolls
 a - 3 scrolls of amnesia {unknown}
 b - a scroll of torment {unknown}
Potions
 d - a potion of might {unknown}

Dungeon Overview and Level Annotations

Branches:
Dungeon (2/15)

Altars:

Annotations:
D:2 Sigmund


Message History

Enter note:
Enter note:
Enter note:
Enter note:
Enter note: You shoot a sling bullet.
The sling bullet closely misses the kobold.
An adder comes into view.
The kobold closely misses you.
You shoot a sling bullet.
The sling bullet closely misses the adder.
The adder barely misses you.
The kobold hits you with a +0 whip of venom.
You are poisoned.
You shoot a sling bullet.
The sling bullet closely misses the adder.
You feel very sick. The adder barely misses you.
The kobold hits you but does no damage.
You are more poisoned.
The adder bites you but does no damage. The kobold closely misses you.
You shoot a sling bullet.
The sling bullet barely misses the adder.
You feel very sick. The adder bites you.
You are lethally poisoned!
The adder poisons you!
The kobold hits you with a +0 whip of venom.
You are more poisoned.
The adder barely misses you.
You shoot a sling bullet.
The sling bullet barely misses the adder.
You feel extremely sick. The adder bites you but does no damage.
The kobold hits you with a +0 whip of venom.
You shoot a sling bullet. The sling bullet hits the adder!
The adder is severely wounded.
You feel very sick. The adder bites you but does no damage.
The kobold hits you with a +0 whip of venom.
You die...

##.....#
###########.#
......## #.#
.###### #.#
.# ##.######
.##########
#...#.#.#
..........#
## #..#..#.##
#########.#
.#..###..#.#
........#.#
##KS##.##..##
.######.#.#
#.@##...##..#
.#......#.#
#.##)....##.#
.##.#####.#
#..##...##..#
.(........#
##..##.##..##
###.#######
#.#..#.#..#.#
#.#
##.#.....#.##
#.#
#.#.#...#.#%#
#.#
#############
###.#


You could see an adder and a kobold.

Vanquished Creatures
  An adder (D:2)
  3 endoplasms
  2 giant cockroaches (D:2)
  3 goblins
  3 hobgoblins (D:1)
  4 jackals (D:2)
  2 kobolds (D:1)
  3 quokkas
  5 ball pythons (D:1)
  5 bats
  3 frilled lizards
  7 rats
41 creatures vanquished.

Notes
Turn   | Place    | Note
-------+----------+-------------------------------------------
     0 | D:1      | qw the Minotaur Hexslinger began the quest for the Orb.
     0 | D:1      | Reached XP level 1. HP: 16/16 MP: 1/1
     0 | D:1      | 0 ||| qw: Version: 0.3-a-24-ga2abf7b
     0 | D:1      | 0 ||| qw: Game counter: 6998
     0 | D:1      | 0 ||| qw: Melee chars always use a shield: true
     0 | D:1      | 0 ||| qw: God list: Okawaru
     0 | D:1      | 0 ||| qw: Allow faded altars: false
     0 | D:1      | 0 ||| qw: Do Orc after clearing Dungeon:15 true
     0 | D:1      | 0 ||| qw: Do second Lair branch before Depths: true
     0 | D:1      | 0 ||| qw: Lair rune preference: random
     0 | D:1      | 0 ||| qw: Goals: Normal
     0 | D:1      | 0 ||| PLANNING D:1-11
    18 | D:1      | 18 ||| FLEEEEING.
    20 | D:1      | 20 ||| FLEEEEING.
    21 | D:1      | 21 ||| FLEEEEING.
    22 | D:1      | 22 ||| FLEEEEING.
    23 | D:1      | 23 ||| FLEEEEING.
    24 | D:1      | 24 ||| FLEEEEING.
    25 | D:1      | 25 ||| FLEEEEING.
    67 | D:1      | Reached skill level 3 in Ranged Weapons
    71 | D:1      | Reached XP level 2. HP: 23/23 MP: 2/2
   361 | D:1      | HP: 6/24 [endoplasm (1)]
   449 | D:1      | 449 ||| UPGRADING to +1 leather armour of cold resistance.
   459 | D:1      | 459 ||| DROPPING +0 robe.
   460 | D:1      | 460 ||| READING scroll labelled WAWOCH ETHYGEE.
   461 | D:1      | 461 ||| READING scroll labelled KOQ YTUBROSSE.
   462 | D:1      | 462 ||| READING scroll labelled JEUSEI ZUYHORI.
   463 | D:1      | 463 ||| DROPPING scroll of poison.
   631 | D:2      | Reached XP level 3. HP: 29/29 MP: 3/3
   761 | D:2      | Noticed Sigmund
   767 | D:2      | 767 ||| READING scroll labelled DOC TACKETE.
   998 | D:2      | Reached skill level 4 in Ranged Weapons
  1050 | D:2      | HP: 7/29 [poisoned by a kobold]
  1051 | D:2      | HP: 1/29 [poisoned by a kobold]
  1051 | D:2      | Slain by a kobold

Levels and vault maps discovered:
D:1:      minmay_arrival_cross, layout_rooms, minmay_tromino_v2
D:2:      minmay_diamond_boxcup, layout_basic, nrook_mini_backslash,
          kennysheep_generic_room_15, uniq_sigmund

Skill      XL: |  1  2  3 |
---------------+----------+-----
Ranged Weapons | 3 4 |  4.2
Fighting       | 2 |  2.0
Dodging        | |  2.1
Spellcasting   | |  1.0
Hexes          | |  2.0

Action                     || total
---------------------------++-------
   Fire: Sling             ||   101
    Use: Scroll            ||     4
 Armour: Robe              ||     4
         Leather armour    ||     8
  Dodge: Dodged            ||    45

Table legend:
 A = Non-vault XP
 B = Vault XP
 C = Vault XP percentage of total XP
 D = Non-vault monster count
 E = Vault monster count
 F = Vault count percentage of total count
                 A         B        C        D         E       F
            +---------+---------+-------+---------+---------+-------
      Total |      52 |      24 |  31.6 |      33 |       8 |  19.5
            +---------+---------+-------+---------+---------+-------
        D:1 |      36 |       2 |   5.3 |      24 |       1 |   4.0
        D:2 |      16 |      22 |  57.9 |       9 |       7 |  43.8
            +---------+---------+-------+---------+---------+-------
